 Dungeon Crawl Stone Soup version 0.17-a0-1468-gbf503c2 (webtiles) character file.

81 pulse the Chopper (level 4, -1/35 HPs)
             Began as a Formicid Berserker on July 1, 2015.
             Was a Believer of Trog.
             Slain by Sigmund
             ... wielding a cursed +0 scythe
              (8 damage)
             ... on level 2 of the Dungeon.
             The game lasted 00:02:15 (1879 turns).

pulse the Chopper (Formicid Berserker)              Turns: 1879, Time: 00:02:15

Health: -1/35      AC:  5    Str: 22      XL:     4   Next: 67%
Magic:  4/4        EV: 11    Int:  5 (7)  God:    Trog [**....]
Gold:   75         SH:  0    Dex: 10      Spells: 0 memorised, 3 levels left

rFire  . . .     SeeInvis +     a - +0 hand axe
rCold  . . .     Clarity  .     h - +0 ring mail
rNeg   . . .     SustAt   .     (no shield)
rPois  .         Gourm    .     (helmet unavailable)
rElec  .         Spirit   .     (no cloak)
rCorr  .         Warding  .     (no gloves)
rMut   .         Stasis   +     (no boots)
MR     ++...                    (no amulet)
Stlth  ..........               (no ring)
                                (no ring)

@: lethally poisoned (-1 -> -1), regenerating, very resistant to hostile
enchantments, extremely unstealthy
A: permanent stasis, dig shafts and tunnels, four strong arms, antennae 3
a: Dig, Shaft Self, Burn Spellbooks, Trog's Hand, Renounce Religion


You were on level 2 of the Dungeon.
You worshipped Trog.
Trog was pleased with you.
You were very hungry.

You visited 1 branch of the dungeon, and saw 2 of its levels.

You collected 75 gold pieces.

Inventory:

Hand weapons
 a - a +0 hand axe (weapon)
Armour
 h - a +0 ring mail (worn)
Jewellery
 l - a cursed amulet of inaccuracy {unknown}
Scrolls
 f - a scroll of noise {unknown}
 g - 2 scrolls of blinking {unknown}
 i - 2 scrolls of identify {unknown}
 m - a scroll of enchant weapon {unknown}
Comestibles
 c - 2 bread rations


   Skills:
 - Level 3.2 Fighting
 * Level 5.1 Axes
 - Level 2.1 Armour
 - Level 1.7 Dodging


You had 3 spell levels left.
You didn't know any spells.

Dungeon Overview and Level Annotations

Branches:
Dungeon (2/15)

Altars:
Yredelemnul

Annotations:
D:2 Sigmund


Innate Abilities, Weirdness & Mutations

You are under a permanent stasis effect.
You can dig through walls and to a lower floor.
Your four strong arms can wield two-handed weapons with a shield.
You have a pair of large antennae on your head (SInv).


Message History

As you read the scroll labeled FYENER LYARAMI, it crumbles to dust.
The scroll dissolves into smoke.
It was a scroll of fog.
Sigmund closely misses you.
Unknown command.
Read which item? (? for menu, Esc to quit)
As you read the scroll labeled LUTWUAQUVO, it crumbles to dust.
The dust glows dark copper!
It was a scroll of random uselessness.
You feel sick.
Read which item? (? for menu, Esc to quit)
Okay, then.
Use which ability? (? or * to list)
Your skin crawls.
You feel resistant to hostile enchantments.
You feel slightly more hungry. Sigmund misses you.
You feel sick.
Found 8 gold pieces.
The goblin hits you with a dagger.
* * * LOW HITPOINT WARNING * * *
Sigmund hits you from afar with a scythe!
You die...

#. ###.#.###.......
####.#.####....##.......
#$........#....##.......
#..............##.......
#..............##.......
#......###§§............
#......#§#§§..#.........
#......##@##..#......###
#......@§#§#.........#
#.....§wg##w##.......#
#......§s§)#)#.......#
#........w. #.####...#
#........#g..#.. #...#
#............ ..(#...# #
#........#.. .$#...# #
#...... ..# ##...# # ...
.. ...# #


You could see Sigmund (invisible), a worm, a giant cockroach and a goblin.

Vanquished Creatures
  3 adders (D:2)
  An ooze (D:1)
  2 worms (D:2)
  2 giant geckos (D:2)
  2 giant cockroaches (D:2)
  6 hobgoblins
  2 jackals (D:2)
  5 bats (D:2)
  2 giant newts (D:1)
  2 gnoll zombies (D:2)
  6 goblins
  6 kobolds
  2 rats
41 creatures vanquished.

Notes
Turn   | Place    | Note
--------------------------------------------------------------
     0 | D:1      | pulse the Formicid Berserker began the quest for the Orb.
     0 | D:1      | Reached XP level 1. HP: 18/18 MP: 1/1
   231 | D:1      | Reached XP level 2. HP: 20/24 MP: 2/2
   649 | D:2      | Reached skill level 4 in Axes
   649 | D:2      | Reached XP level 3. HP: 29/29 MP: 3/3
  1063 | D:2      | Found a basalt altar of Yredelemnul.
  1587 | D:2      | Reached XP level 4. HP: 9/35 MP: 4/4
  1590 | D:2      | Acquired Trog's second power
  1850 | D:2      | Noticed Sigmund
  1870 | D:2      | Reached skill level 5 in Axes
  1879 | D:2      | Slain by Sigmund

Vault maps used:
D:1:      dpeg_arrival_tiny_f, hangedman_decor_clover_reticule
D:2:      lemuel_zombie_altar_yredelemnul, minmay_crystal_room,
          minmay_misc_feat_cross, minmay_vboxes, uniq_sigmund, uniq_terence

Action                   |  1- 3 |  4- 6 || total
-------------------------+-------+-------++-------
Melee: Hand axe          |   133 |    32 ||   165
Invok: Trog's Hand       |       |     1 ||     1
  Use: Potion            |       |     3 ||     3
       Scroll            |       |     2 ||     2
 Stab: Sleeping          |     1 |       ||     1
  Eat: Chunk             |     2 |       ||     2
